 Dungeon Crawl Stone Soup version 0.28-a0-622-gbaef9634d7 (webtiles) character file.

Game seed: 6041672387099053327

31 sleeves the Slasher (level 3, 29/29 HPs)
             Began as a Demonspawn Fighter on Oct 7, 2021.
             Quit the game on level 2 of the Dungeon.
             The game lasted 00:01:20 (990 turns).

sleeves the Slasher (Demonspawn Fighter)             Turns: 990, Time: 00:01:20

Health: 29/29      AC:  6    Str: 17    XL:     3   Next: 7%
Magic:  3/3        EV:  9    Int:  9    God:
Gold:   71         SH:  4    Dex: 14    Spells: 2/2 levels left

rFire   . . .      SeeInvis .   a - +0 long sword
rCold   . . .      Faith    .   c - +0 buckler
rNeg    . . .      Spirit   .   b - +0 scale mail
rPois   .          Reflect  .   (no helmet)
rElec   .          Harm     .   (no cloak)
rCorr   .          Rampage  .   (no gloves)
Will    .....                   (no boots)
Stlth   +.........              (no amulet)
HPRegen 0.09/turn               (no ring)
MPRegen 0.08/turn               (no ring)

@: no status effects
A: thin skeletal structure 1, spiny 1
a: no special abilities


You were on level 2 of the Dungeon.
You visited 1 branch of the dungeon, and saw 2 of its levels.

You collected 71 gold pieces.

Inventory:

Hand Weapons
 a - a +0 long sword (weapon)
Armour
 b - a +0 scale mail (worn)
 c - a +0 buckler (worn)
 e - a +0 pair of gloves
   (You found it on level 1 of the Dungeon)
Scrolls
 g - a scroll of teleportation {unknown}
 h - 2 scrolls of identify {unknown}
Potions
 d - a potion of might
 f - a potion of lignification {unknown}
 i - a potion of curing {unknown}
 j - a potion of brilliance {unknown}


   Skills:
 - Level 3.0 Fighting
 + Level 3.2 Long Blades
 - Level 2.6 Armour
 - Level 2.6 Shields


You had 2 spell levels left.
You didn't know any spells.
Your spell library was empty.

Dungeon Overview and Level Annotations

Branches:
Dungeon (2/15)

Altars:


Innate Abilities, Weirdness & Mutations

You have a somewhat thin skeletal structure. (Dex +2, Stealth+)
You are partially covered in sharp spines.


Message History

Welcome, sleeves the Demonspawn Fighter.
Will you prevail where others failed? Will you find the Orb of Zot?
Press ? for a list of commands and other information.
Found 3 gold pieces.
Found a staircase leading out of the dungeon.
Unknown command.
You now have 1 gold piece.
You now have 2 gold pieces (gained 1).
You now have 3 gold pieces (gained 1).
You now have 4 gold pieces (gained 1).
You now have 5 gold pieces (gained 1).
You open the door.
There is an open door here.
You open the door.
There is an open door here.
Found a stone staircase leading down.
e - a +0 pair of gloves An endoplasm comes into view.
An endoplasm is nearby!
You block the endoplasm's attack.
You hit the endoplasm but do no damage. The endoplasm hits you.
You barely miss the endoplasm. You block the endoplasm's attack.
You slash the endoplasm!
You kill the endoplasm!
No target in view!
No target in view!
HP restored.
A bat comes into view.
A bat is nearby!
The bat barely misses you.
A bat is nearby!
You miss the bat. You block the bat's attack.
The bat hits you but does no damage.
Found 4 gold pieces.
The bat hits you but does no damage.
You slash the bat!
You kill the bat!
Your Long Blades skill increases to level 2!
A bat comes into view.
The bat barely misses you.
You hit the bat.
The bat is heavily wounded.
You block the bat's attack. The bat barely misses you.
A bat is nearby!
You miss the bat.
The bat is heavily wounded.
The bat closely misses you. You block the bat's attack.
You hit the bat.
You kill the bat!
No target in view!
Key pressed, stopping explore.
No target in view!
Key pressed, stopping explore.
No target in view!
No target in view!
You now have 9 gold pieces (gained 4).
f - a glowing pink potion No target in view!
No target in view!
An endoplasm comes into view.
The endoplasm quivers.
An endoplasm is nearby!
Found a stone staircase leading down.
You block the endoplasm's attack.
You slash the endoplasm!
You kill the endoplasm!
No target in view!
No target in view!
A rat comes into view.
A rat is nearby!
Found 10 gold pieces.
The rat closely misses you.
You closely miss the rat. The rat barely misses you.
You hit the rat but do no damage. The rat bites you. x2
You hit the rat.
You kill the rat!
No target in view!
You now have 19 gold pieces (gained 10).
You see here a rat corpse.
An endoplasm comes into view.
An endoplasm is nearby!
An endoplasm is nearby!
The endoplasm freezes you.
You are frozen.
You slash the endoplasm!
You kill the endoplasm!
No target in view!
No target in view!
No target in view!
No target in view!
No target in view!
No target in view!
No target in view!
No target in view!
g - a scroll labelled GUPLEAFEEPT
Found a dagger.
A bat comes into view.
Found a ring mail.
You block the bat's attack.
You barely miss the bat. The bat closely misses you.
The bat hits you but does no damage. The bat barely misses you.
Found 10 gold pieces.
The bat hits you but does no damage. The bat barely misses you.
The bat hits you but does no damage. The bat barely misses you.
The bat completely misses you.
You closely miss the bat. The bat hits you but does no damage.
You closely miss the bat. You block the bat's attack.
A bat is nearby!
The bat hits you. The bat hits you but does no damage.
The bat hits you but does no damage.
You slash the bat!
You kill the bat!
You have reached level 2!
Your demonic ancestry asserts itself...
Sharp spines emerge from parts of your body.
You now have 29 gold pieces (gained 10).
Key pressed, stopping explore.
Found an escape hatch in the floor.
There is an escape hatch in the floor here.
A kobold comes into view. It is wielding a +0 dagger.
The kobold shouts!
The kobold hits you with a +0 dagger.
A kobold is nearby!
A kobold is nearby!
You hit the kobold but do no damage. The kobold is struck by your spines.
You kill the kobold!
No target in view!
Things that are here:
a +0 dagger; 3 stones; a kobold corpse
Things that are here:
a +0 dagger; 3 stones; a kobold corpse An endoplasm comes into view.
The endoplasm quivers.
An endoplasm is nearby!
You hit the endoplasm.
The endoplasm is almost dead.
The endoplasm hits you but does no damage.
You slash the endoplasm!
You kill the endoplasm!
No target in view!
No target in view!
h - a scroll labelled QONLI CYVVIOM A giant cockroach comes into view.
A giant cockroach is nearby!
The giant cockroach bites you but does no damage.
You slash the giant cockroach!
You kill the giant cockroach!
No target in view!
No target in view!
No target in view!
No target in view!
Found a stone staircase leading down.
i - an inky potion
Found a scale mail.
No target in view!
No target in view!
A frilled lizard comes into view.
The frilled lizard hisses angrily.
A frilled lizard is nearby!
A frilled lizard is nearby!
You miss the frilled lizard.
The frilled lizard is struck by your spines.
You kill the frilled lizard!
No target in view!
No target in view!
An endoplasm comes into view.
The endoplasm quivers.
An endoplasm is nearby!
The endoplasm hits you but does no damage.
You hit the endoplasm.
The endoplasm is moderately wounded.
The endoplasm barely misses you.
You slash the endoplasm!
You kill the endoplasm!
No target in view!
A ball python comes into view.
The ball python hisses angrily.
The ball python barely misses you.
A ball python is nearby!
A ball python is nearby!
You hit the ball python.
You kill the ball python!
No target in view!
You see here a ball python corpse.
A rat comes into view.
A rat is nearby!
A rat is nearby!
The rat is struck by your spines. The rat barely misses you.
You closely miss the rat.
The rat is heavily wounded.
The rat is struck by your spines.
You kill the rat!
No target in view!
No target in view!
No target in view!
No target in view!
You now have 47 gold pieces (gained 18).
A jackal comes into view.
The jackal barks!
You hear a bark!
A jackal comes into view.
You hear a shout!
There are monsters nearby!
A jackal comes into view.
The jackal barks!
You hit the jackal.
You kill the jackal!
You barely miss the jackal. The jackal is struck by your spines.
The jackal bites you but does no damage.
You block the jackal's attack.
You barely miss the jackal.
The jackal is lightly wounded.
The jackal bites you but does no damage.
You hit the jackal but do no damage.
The jackal is lightly wounded.
The jackal bites you but does no damage.
The jackal bites you.
A hobgoblin comes into view.
You hit the jackal.
The jackal is almost dead.
The jackal stops to sniff the ground.
The jackal barely misses you. x2
You hit the jackal.
You kill the jackal!
The jackal bites you but does no damage.
You hit the jackal but do no damage.
The jackal bites you but does no damage.
The jackal is struck by your spines.
The jackal bites you but does no damage.
You slash the jackal!
You kill the jackal!
You slash the hobgoblin!
You kill the hobgoblin!
Your Long Blades skill increases to level 3!
No target in view!
No target in view!
No target in view!
No target in view!
No target in view!
No target in view!
No target in view!
No target in view!
No target in view!
No target in view!
No target in view!
Things that are here:
a jackal corpse; a jackal corpse; a jackal corpse Done exploring.
Done exploring.
No target in view!
No target in view!
No target in view!
No target in view!
Done exploring.
Done exploring.
Done exploring.
(D) Dungeon
Where to? (? - help)
There is a stone staircase leading down here.
You climb downwards.
The hobgoblin shouts!
Found 13 gold pieces.
There is a stone staircase leading up here.
A hobgoblin is nearby!
A hobgoblin is nearby!
A hobgoblin is nearby!
A hobgoblin is nearby!
Found a sapphire potion, a scroll labelled QONLI CYVVIOM and 11 gold pieces.
You block the hobgoblin's attack.
You barely miss the hobgoblin.
The hobgoblin hits you but does no damage.
A giant cockroach comes into view.
You hit the hobgoblin but do no damage. The hobgoblin is struck by your spines.
The hobgoblin barely misses you.
You slash the hobgoblin!
You kill the hobgoblin!
The giant cockroach barely misses you.
You hit the giant cockroach but do no damage.
You block the giant cockroach's attack.
The giant cockroach bites you but does no damage.
You barely miss the giant cockroach. You block the giant cockroach's attack.
A giant cockroach is nearby!
A giant cockroach is nearby!
You barely miss the giant cockroach.
The giant cockroach bites you but does no damage.
The giant cockroach misses you.
You slash the giant cockroach!
You kill the giant cockroach!
No target in view!
No target in view!
You now have 60 gold pieces (gained 13).
You now have 71 gold pieces (gained 11).
j - a sapphire potion
Found a stone staircase leading down.
h - 2 scrolls labelled QONLI CYVVIOM (gained 1)
Found a stone staircase leading up.
No target in view!
A hobgoblin comes into view.
The hobgoblin shouts!
A hobgoblin is nearby!
A hobgoblin is nearby!
The hobgoblin misses you.
You hit the hobgoblin.
You kill the hobgoblin!
No target in view!
No target in view!
No target in view!
No target in view!
No target in view!
No target in view!
No target in view!
No target in view!
No target in view!
No target in view!
A worm comes into view.
A worm is nearby!
Found a stone staircase leading down.
You slash the worm!
The worm is moderately wounded.
The worm barely misses you.
You hit the worm.
The worm is heavily wounded.
You hit the worm.
The worm is severely wounded.
The worm bites you.
You slash the worm!
You kill the worm!
You have reached level 3!
Your experience leads to an increase in your attributes!
Increase (S)trength, (I)ntelligence, or (D)exterity?
You feel stronger.
Your demonic ancestry asserts itself...
Your bones become slightly less dense.
HP restored.
A rat comes into view.
A rat is nearby!
A rat is nearby!
A goblin comes into view. It is wielding a +0 dagger.
The goblin shouts!
A rat comes into view.
You closely miss the goblin.
The rat twitches its whiskers.
You block the goblin's attack.
You closely miss the goblin. The goblin is struck by your spines.
You kill the goblin!
You block the rat's attack.
Your scale mail prevents you from hitting the rat.
The rat is struck by your spines.
You kill the rat!
You block the rat's attack.
Things that are here:
a +0 dagger; a goblin corpse You slash the rat!
You kill the rat!
No target in view!
No target in view!
No target in view!
No target in view!
No target in view!
No target in view!
No target in view!
No target in view!
No target in view!
No target in view!
No target in view!
No target in view!
No target in view!
No target in view!
No target in view!
No target in view!
No target in view!
No target in view!
No target in view!
No target in view!
No target in view!
Welcome back, sleeves the Demonspawn Fighter.
Press ? for a list of commands and other information.
Welcome back, sleeves the Demonspawn Fighter.
Press ? for a list of commands and other information.
Okay, then.
Are you sure you want to abandon this character and quit the game? (Confirm with "yes".)
Okay, then.
Unknown command.
Unknown command.
Unknown command.
Are you sure you want to abandon this character and quit the game? (Confirm with "yes".)

...................
...>........#......
#...........#...... #
###..........##...... ..
............##......
#.###...####...........
.#......##......##......
......†....###..##......
.......@#### #..##......
.......†# #..........
##......# ###...###..
#....... .####.<.....#
##...... ..............
#.....##...........#..
#.....# ..........##..
####... ..........####
........... #


There were no monsters in sight!

Vanquished Creatures
  A worm (D:2)
  5 endoplasms (D:1)
  2 giant cockroaches
  A goblin (D:2)
  3 hobgoblins
  3 jackals (D:1)
  A ball python (D:1)
  3 bats (D:1)
  A frilled lizard (D:1)
  A kobold (D:1)
  4 rats
25 creatures vanquished.

Notes
Turn   | Place    | Note
-------+----------+-------------------------------------------
     0 | D:1      | sleeves the Demonspawn Fighter began the quest for the Orb.
     0 | D:1      | Reached XP level 1. HP: 18/18 MP: 1/1
   108 | D:1      | Reached skill level 2 in Long Blades
   307 | D:1      | Gained mutation: You are partially covered in sharp spines.
                  | [demonic ancestry]
   307 | D:1      | Reached XP level 2. HP: 23/24 MP: 2/2
   703 | D:1      | Reached skill level 3 in Long Blades
   912 | D:2      | Gained mutation: You have a somewhat thin skeletal
                  | structure. (Dex +2, Stealth+) [demonic ancestry]
   912 | D:2      | Reached XP level 3. HP: 23/29 MP: 3/3
   990 | D:2      | Quit the game

Illustrated notes

Levels and vault maps discovered:
D:1:      giann_wishing_wells, layout_basic, interstate_on_off
D:2:      layout_rooms

Skill      XL: |  1  2 |
---------------+-------+-----
Long Blades    | 2 3 |  3.2
Fighting       | |  3.0
Armour         | |  2.6
Shields        | |  2.6

Action                   || total
-------------------------++-------
Melee: Long sword        ||    51
Armor: Scale mail        ||    20
Dodge: Dodged            ||    21
Block: Buckler           ||    15

Table legend: (Time is in decaauts)
 A = Elapsed time spent in this place.
 B = Non-inter-level travel time spent in this place.
 C = Inter-level travel time spent in this place.
 D = Time resting spent in this place.
 E = Time spent auto-exploring this place.
 F = Levels seen in this place.
 G = Mean time per level.
                   A        B        C        D        E       F      G
               +--------+--------+--------+--------+--------+-----+--------+
         Total |   1005 |    980 |     25 |      0 |    829 |   2 |  502.5 |
       Dungeon |   1005 |    980 |     25 |      0 |    829 |   2 |  502.5 |
               +--------+--------+--------+--------+--------+-----+--------+

Top non-repeatable levels by time:
     D:1: 847 daAuts
     D:2: 158 daAuts
